 Dungeon Crawl Stone Soup version 0.29-a0-270-g1586fc07ea (webtiles) character file.

Game seed: 14915226966571340290

862 kae the Chopper (level 7, 0/62 HPs)
             Began as a Minotaur Fighter on Mar 7, 2022.
             Was an Initiate of Qazlal.
             Shot with an arrow by a centaur (1 damage)
             ... on level 6 of the Dungeon.
             The game lasted 00:04:23 (4911 turns).

kae the Chopper (Minotaur Fighter)                  Turns: 4911, Time: 00:04:23

Health: 0/62       AC: 11    Str: 35    XL:     7   Next: 72%
Magic:  6/6        EV: 10    Int:  5    God:    Qazlal [......]
Gold:   289        SH:  5    Dex:  9    Spells: 6/6 levels left

rFire   . . .      SeeInvis .   a - +0 war axe (vorpal)
rCold   . . .      Faith    .   c - +0 buckler
rNeg    . . .      Spirit   .   b - +0 scale mail
rPois   .          Reflect  .   (helmet restricted)
rElec   .          Harm     .   f - +1 cloak
rCorr   .          Rampage  .   k - +0 pair of gloves
Will    .....                   (no boots)
Stlth   ..........              (no amulet)
HPRegen 0.20/turn               h - +6 ring of strength
MPRegen 0.10/turn               r - +6 ring of strength

@: no status effects
A: horns 2, retaliatory headbutt
a: Renounce Religion


You were on level 6 of the Dungeon.
You worshipped Qazlal.
Qazlal was noncommittal.
You visited 2 branches of the dungeon, and saw 7 of its levels.

You collected 289 gold pieces.

Inventory:

Hand Weapons
 a - a +0 vorpal war axe (weapon)
Armour
 b - a +0 scale mail (worn)
 c - a +0 buckler (worn)
 f - a +1 cloak (worn)
 k - a +0 pair of gloves (worn)
Jewellery
 h - a +6 ring of strength (left hand)
 n - a +4 ring of evasion
 r - a +6 ring of strength (right hand)
Wands
 j - a wand of iceblast (9)
 q - a wand of flame (20)
Scrolls
 s - a scroll of fog
 t - a scroll of teleportation
 y - a scroll of brand weapon
Potions
 d - a potion of might
 e - 6 potions of curing
 g - a potion of ambrosia
 i - 3 potions of flight
 l - a potion of haste
 m - 2 potions of invisibility {unknown}
 o - a potion of attraction {unknown}
 p - a potion of mutation {unknown}
 u - a potion of cancellation {unknown}


   Skills:
 + Level 5.9 Fighting
 * Level 7.0 Axes
 + Level 5.9 Armour
 + Level 6.0 Shields


You had 6 spell levels left.
You didn't know any spells.
Your spell library contained the following spells:

 Spells                   Type           Power      Damage    Failure   Level
 Cause Fear               Hex            0%         N/A       100%        4
 Dragon Form              Tmut           0%         N/A       100%        7
 Dragon's Call            Summ           0%         N/A       100%        9


Dungeon Overview and Level Annotations

Branches:
Dungeon (6/15)             Temple (1/1) D:5

Altars:
Ashenzari
Cheibriados
Dithmenos
Elyvilon
Fedhas
Gozag
Nemelex Xobeh
Okawaru
Qazlal
Ru
Sif Muna
Vehumet
Xom
Zin
The Shining One

Shops:
D:5 :


Innate Abilities, Weirdness & Mutations

You have a pair of horns on your head.
You reflexively headbutt those who attack you in melee.


Message History

The centaur shoots an arrow.
You block the arrow. The water moccasin bites you.
The centaur shoots an arrow.
The arrow hits you but does no damage.
The water moccasin bites you but does no damage.
There are monsters nearby!
You barely miss the water moccasin.
The centaur shoots an arrow.
The arrow closely misses you. The water moccasin bites you.
The centaur shoots an arrow.
The arrow hits you but does no damage.
You miss the water moccasin.
Your headbutt misses the water moccasin.
The water moccasin bites you. You block the water moccasin's attack.
The centaur shoots an arrow.
You block the arrow.
You slice the water moccasin!!
The water moccasin is almost dead.
The water moccasin bites you.
The centaur shoots an arrow.
The arrow hits you!
You are too injured to fight recklessly!
You are too injured to fight recklessly!
You are too injured to fight recklessly!
You are too injured to fight recklessly!
You are too injured to fight recklessly!
You are too injured to fight recklessly!
You are too injured to fight recklessly!
You barely miss the water moccasin.
Your headbutt misses the water moccasin.
The water moccasin is almost dead.
The centaur shoots an arrow.
The arrow hits you! The water moccasin closely misses you.
The centaur shoots an arrow.
The arrow hits you.
* * * LOW HITPOINT WARNING * * *
x2 The water moccasin bites you but does no damage.
You barely miss the water moccasin.
Your headbutt misses the water moccasin.
The water moccasin is almost dead.
The centaur shoots an arrow.
The arrow hits you!
* * * LOW HITPOINT WARNING * * *
x2 The water moccasin bites you.
* * * LOW HITPOINT WARNING * * *
The centaur shoots an arrow.
The arrow hits you.
* * * LOW HITPOINT WARNING * * *
You die...

....#.#.# #.#.....#..
....#.#.######.#........
....#...................
######.###.#........
#######.###.#.....c#
#...................
#......).##.....###.#
#........####.......#
########## #@#.##### #S#
# #.# #.# #.# #$# #.#
#.#


You could see a water moccasin and a centaur.

Vanquished Creatures
  An ice beast (D:4)
  A centaur (D:5)
  Blork the orc (D:4)
  A necrophage (D:4)
  2 scorpions
  A hound (D:5)
  An orc priest (D:3)
  Crazy Yiuf (D:4)
  2 iguanas (D:5)
  Ijyb (D:4)
  Natasha (thrice) (D:3)
  An orc wizard (D:4)
  Robin (D:2)
  2 adders
  4 gnolls (D:4)
  An ufetubus (D:5)
  A worm (D:3)
  2 dart slugs
  13 orcs
  4 ball pythons
  4 bats (D:1)
  8 endoplasms
  A giant cockroach (D:1)
  19 goblins
  3 hobgoblins
  3 jackals (D:2)
  2 quokkas
  7 frilled lizards
  4 kobolds
  8 rats
103 creatures vanquished.

Notes
Turn   | Place    | Note
-------+----------+-------------------------------------------
     0 | D:1      | kae the Minotaur Fighter began the quest for the Orb.
     0 | D:1      | Reached XP level 1. HP: 19/19 MP: 0/0
   429 | D:1      | Reached XP level 2. HP: 24/27 MP: 1/1
   551 | D:1      | Reached skill level 3 in Axes
   751 | D:1      | Found a faded altar of an unknown god.
  1010 | D:2      | Noticed Robin
  1014 | D:2      | Reached XP level 3. HP: 27/32 MP: 2/2
  1021 | D:2      | Killed Robin
  1225 | D:2      | Reached XP level 4. HP: 32/40 MP: 3/3
  1312 | D:2      | Found an iron altar of Okawaru.
  2088 | D:3      | Noticed Natasha
  2093 | D:3      | Killed Natasha
  2094 | D:3      | Reached skill level 4 in Axes
  2314 | D:3      | Noticed Natasha
  2322 | D:3      | Killed Natasha
  2323 | D:3      | Reached XP level 5. HP: 33/47 MP: 4/4
  2416 | D:3      | Noticed Natasha
  2422 | D:3      | Killed Natasha
  3044 | D:4      | Reached skill level 5 in Axes
  3205 | D:4      | Reached skill level 5 in Fighting
  3205 | D:4      | Reached skill level 5 in Shields
  3205 | D:4      | Reached XP level 6. HP: 56/56 MP: 5/5
  3230 | D:4      | Reached skill level 5 in Armour
  3303 | D:4      | Noticed Blork the orc
  3309 | D:4      | Killed Blork the orc
  3376 | D:4      | Noticed Ijyb
  3386 | D:4      | Killed Ijyb
  3470 | D:4      | Found a runed translucent door.
  3471 | D:4      | Noticed Crazy Yiuf
  3683 | D:4      | Noticed an ice beast
  3688 | D:4      | Killed an ice beast
  3689 | D:4      | Reached skill level 6 in Axes
  3689 | D:4      | Reached XP level 7. HP: 50/61 MP: 6/6
  4014 | D:4      | Killed Crazy Yiuf
  4133 | D:5      | Entered Level 5 of the Dungeon
  4211 | D:5      | Found Koupij's Book Emporium.
  4607 | D:5      | Reached skill level 7 in Axes
  4786 | D:5      | Found a staircase to the Ecumenical Temple.
  4796 | Temple   | Entered the Ecumenical Temple
  4803 | Temple   | Became a worshipper of Qazlal Stormbringer
  4911 | D:6      | HP: 1/62 [centaur/arrow (3)]
  4911 | D:6      | Shot with an arrow by a centaur

Illustrated notes

Levels and vault maps discovered:
D:1:      psy_arrival_dodecagon, layout_basic, ebering_ecumenical_altar_box,
          minmay_tiny_reverse_x
D:2:      layout_basic, basic_altar, hex_tiny, minmay_distorted, uniq_robin
D:3:      layout_basic, serial_bayou, serial_bayou_crossing,
          serial_bayou_pond_a, serial_bayou_pond_a, serial_bayou_ford_a,
          grunt_ministairs_8, uniq_natasha
D:4:      layout_loops_ring, chequers_serial_rivers_micro_a, uniq_ijyb,
          uniq_crazy_yiuf_cottage, uniq_blork_the_orc
D:5:      layout_layer_cave, minmay_temple_entry_statues_fountains,
          serial_shops, shop
D:6:      layout_basic, nicolae_hepliaklqana_hazy_memory
Temple:   nicolae_temple_no_exploring_needed

Skill      XL: |  1  2  3  4  5  6  7 |
---------------+----------------------+-----
Axes           | 3 4 5 6 7 |  7.0
Shields        | 4 5 6 |  6.0
Fighting       | 4 5 |  5.9
Armour         | 4 5 |  5.9

Action                   |  1- 3 |  4- 6 |  7- 9 || total
-------------------------+-------+-------+-------++-------
Melee: War axe           |    87 |    89 |    49 ||   225
       Headbutt          |     3 |     6 |     4 ||    13
  Use: Scroll            |     2 |     7 |     3 ||    12
Armor: Scale mail        |    73 |    28 |    27 ||   128
Dodge: Dodged            |    43 |    34 |    26 ||   103
Block: Buckler           |    21 |    19 |     8 ||    48

Table legend: (Time is in decaauts)
 A = Elapsed time spent in this place.
 B = Non-inter-level travel time spent in this place.
 C = Inter-level travel time spent in this place.
 D = Time resting spent in this place.
 E = Time spent auto-exploring this place.
 F = Levels seen in this place.
 G = Mean time per level.
                   A        B        C        D        E       F      G
               +--------+--------+--------+--------+--------+-----+--------+
         Total |   5004 |   4733 |    271 |    280 |   3807 |   7 |  714.9 |
       Dungeon |   4989 |   4725 |    264 |    280 |   3807 |   6 |  831.5 |
        Temple |     14 |      8 |      6 |      0 |      0 |   1 |   14.0 |
               +--------+--------+--------+--------+--------+-----+--------+

Top non-repeatable levels by time:
     D:4: 1234 daAuts
     D:2: 1130 daAuts
     D:1: 996 daAuts
     D:3: 857 daAuts
     D:5: 714 daAuts
     D:6: 56 daAuts
  Temple: 14 daAuts
